Match 44790302
Unlisted

Match 44790302
End
Selects Armored Battlegroup
Selects Assault Engineers
Assault Engineer Squad
Construct Weapon Support Center
M1919 Machine Gun Team
Assault Engineer Squad
M1919 Machine Gun Team
Assault Engineer Squad
Infantry Support Center
Bazooka Squad
Construct Motor Pool
M8 Greyhound Armored Car
Assault Engineer Squad
Selects Field Repairs
Selects War Machine
Construct Medical Station
M1919 Machine Gun Team
Assault Engineer Squad
Improved M9 Bazooka Rockets
Selects Strength in Steel
M8 Greyhound Armored Car
Assault Engineer Squad
Bazooka Squad
M8 Greyhound Armored Car
Assault Engineer Squad
Selects M8 Scott SPG
M1 Anti-tank Gun Team
^3
ЭЩКЕРЕ
0
0

Comments sign in to comment!

No comments posted yet!